 Dungeon Crawl Stone Soup version 0.28-a0-664-gc179e30c89 (webtiles) character file.

Game seed: 10015515279582408028

467 siradein the Covered (level 7, -24/44 HPs)
             Began as a Gargoyle Fighter on Oct 16, 2021.
             Blown up by Ijyb (32 damage)
             ... with a mindburst bolt
             ... on level 3 of the Dungeon.
             The game lasted 00:03:39 (2843 turns).

siradein the Covered (Gargoyle Fighter)             Turns: 2843, Time: 00:03:41

Health: -24/44     AC: 14    Str: 21    XL:     7   Next: 8%
Magic:  7/7        EV:  9    Int:  9    God:
Gold:   76         SH:  4    Dex:  9    Spells: 6/6 levels left

rFire   . . .      SeeInvis .   a - +0 long sword
rCold   . . .      Faith    .   c - +0 buckler
rNeg    + . .      Spirit   .   b - +0 scale mail
rPois   ∞          Reflect  .   (no helmet)
rElec   +          Harm     .   h - +0 cloak
rCorr   .          Rampage  .   j - +0 pair of gloves
Will    .....                   (no boots)
Stlth   ..........              (no amulet)
HPRegen 0.14/turn               (no ring)
MPRegen 0.10/turn               (no ring)

@: no status effects
A: sickness immunity, AC +4, negative energy resistance 1, electricity
resistance, torment resistance 1, petrification resistance
a: no special abilities


You were on level 3 of the Dungeon.
You visited 1 branch of the dungeon, and saw 3 of its levels.

You collected 76 gold pieces.

Inventory:

Hand Weapons
 a - a +0 long sword (weapon)
Armour
 b - a +0 scale mail (worn)
 c - a +0 buckler (worn)
 h - a +0 cloak (worn)
 j - a +0 pair of gloves (worn)
Scrolls
 e - 5 scrolls of identify {unknown}
 f - 2 scrolls of teleportation {unknown}
 g - a scroll of enchant armour {unknown}
 n - a scroll of vulnerability {unknown}
 p - a scroll of blinking {unknown}
Potions
 d - 2 potions of might
 i - a potion of invisibility {unknown}
 k - a potion of heal wounds {unknown}
 m - a potion of flight {unknown}
 o - a potion of resistance {unknown}
 q - a potion of curing {unknown}


   Skills:
 + Level 5.1 Fighting
 + Level 3.6 Long Blades
 + Level 5.1 Armour
 + Level 5.0 Shields


You had 6 spell levels left.
You didn't know any spells.
Your spell library contained the following spells:

 Spells                   Type           Power      Damage    Failure   Level
 Foxfire                  Conj/Fire      0%         2x1d4     71%         1
 Sandblast                Erth           0%         2d4       71%         1
 Passwall                 Tmut/Erth      0%         N/A       83%         2
 Conjure Flame            Conj/Fire      0%         6-21      97%         3
 Inner Flame              Hex/Fire       0%         N/A       97%         3
 Stone Arrow              Conj/Erth      0%         3d7       97%         3
 Flame Wave               Conj/Fire      0%         3d3       100%        4


Dungeon Overview and Level Annotations

Branches:
Dungeon (3/15)

Altars:
Qazlal

Shops:
D:1 :

Annotations:
D:3 2 transporters, AlleluiaPinecone's ghost, amateur VSBr; Ijyb


Innate Abilities, Weirdness & Mutations

You are immune to sickness and miasma.
Your stone body is resilient. (AC +4)
You are immune to poison.
You resist negative energy. (rN+)
You are resistant to electric shocks. (rElec)
You are resistant to unholy torment.
You are immune to petrification.


Message History

Your Shields skill increases to level 5!
You have reached level 7!
Key pressed, stopping explore.
You pick up a book of Flames and begin reading...
You add the spells Foxfire, Conjure Flame, Inner Flame and Flame Wave to your library.
You now have 76 gold pieces (gained 15).
You see here a +0 club.
Ijyb the Twisted Goblin comes into view.
She is wielding a +0 dagger and carrying a wand of mindburst (11).
Ijyb shouts!
Ijyb moves out of view.
Ijyb is nearby!
Ijyb is nearby!
Ijyb is nearby!
Ijyb is nearby!
You closely miss Ijyb. You block Ijyb's attack.
Your scale mail prevents you from hitting Ijyb.
Ijyb hits you but does no damage.
You hit Ijyb.
Ijyb is lightly wounded.
Ijyb hits you but does no damage. x2
You closely miss Ijyb.
Ijyb is lightly wounded.
Ijyb hits you with a +0 dagger.
You hit Ijyb.
Ijyb is moderately wounded.
Ijyb hits you with a +0 dagger.
You closely miss Ijyb.
Ijyb is moderately wounded.
Ijyb closely misses you.
You hit Ijyb but do no damage.
Ijyb is moderately wounded.
Ijyb hits you with a +0 dagger.
You slash Ijyb!
Ijyb is heavily wounded.
Ijyb zaps a wand.
Your mind is blasted!
Ouch! That really hurt!
* * * LOW HITPOINT WARNING * * *
Ijyb zaps a wand.
Your mind is blasted!
Ouch! That really hurt!
You die...

###....##
#..#...#
####..###....#.#
######.##...###.#
#....#......###.#
#..)..##.<.....
##..#####.#.###.
####..## #.#.# #.
#.....# ..#.# #.
#.@#### ####.. ..
#.g.....# ......
#..#.##### .....^
.... .# ......
..... ## .....##
....# ....


You could see Ijyb.

Vanquished Creatures
  Grinder (D:3)
  Sigmund (D:3)
  4 gnolls
  4 adders
  3 orcs (D:3)
  5 bats
  2 endoplasms
  A giant cockroach (D:1)
  7 goblins
  5 hobgoblins
  6 jackals
  A kobold (D:1)
  2 quokkas (D:1)
  6 ball pythons
  A rat (D:2)
49 creatures vanquished.

Notes
Turn   | Place    | Note
-------+----------+-------------------------------------------
     0 | D:1      | siradein the Gargoyle Fighter began the quest for the Orb.
     0 | D:1      | Reached XP level 1. HP: 14/14 MP: 1/1
    40 | D:1      | Reached XP level 2. HP: 14/19 MP: 2/2
   116 | D:1      | Found a faded altar of an unknown god.
   199 | D:1      | Found Piaxt's Book Shoppe.
   580 | D:1      | Reached XP level 3. HP: 23/23 MP: 3/3
  1194 | D:2      | Reached XP level 4. HP: 17/29 MP: 4/4
  1348 | D:2      | Found a stormy altar of Qazlal.
  2002 | D:3      | Found a transporter.
  2002 | D:3      | Noticed AlleluiaPinecone's ghost (amateur VSBr)
  2006 | D:3      | Found a transporter.
  2034 | D:3      | Noticed Sigmund
  2103 | D:2      | Reached XP level 5. HP: 8/33 MP: 5/5
  2346 | D:3      | Killed Sigmund
  2347 | D:3      | Reached XP level 6. HP: 39/39 MP: 6/6
  2416 | D:3      | Noticed Grinder
  2420 | D:3      | Paralysed by Grinder for 6 turns
  2472 | D:3      | Paralysed by Grinder for 6 turns
  2493 | D:3      | Paralysed by Grinder for 2 turns
  2496 | D:3      | Killed Grinder
  2497 | D:3      | Reached skill level 5 in Fighting
  2497 | D:3      | Reached skill level 5 in Armour
  2497 | D:3      | Reached skill level 5 in Shields
  2497 | D:3      | Reached XP level 7. HP: 7/44 MP: 7/7
  2833 | D:3      | Noticed Ijyb
  2843 | D:3      | Blown up by Ijyb

Illustrated notes

Levels and vault maps discovered:
D:1:      dpeg_arrival_solitude, layout_loops_ring,
          ebering_ecumenical_altar_sacrificial, serial_shops,
          nicolae_shop_window_shopping
D:2:      layout_loops_cross, basic_altar
D:3:      layout_rooms, gammafunk_ghost_arena, uniq_ijyb, uniq_sigmund,
          uniq_grinder

Skill      XL: |  1  2  3  4  5  6 |
---------------+-------------------+-----
Long Blades    | 2 3 |  3.6
Fighting       | 4 5 |  5.1
Armour         | 4 5 |  5.1
Shields        | 4 5 |  5.0

Action                   |  1- 3 |  4- 6 |  7- 9 || total
-------------------------+-------+-------+-------++-------
Melee: Long sword        |    94 |   133 |     8 ||   235
Throw: Throwing net      |       |     4 |       ||     4
 Stab: Held in net/web   |       |     1 |       ||     1
Armor: Scale mail        |    67 |    98 |     3 ||   168
Dodge: Dodged            |    48 |    75 |     1 ||   124
Block: Buckler           |    16 |    28 |     1 ||    45

Table legend: (Time is in decaauts)
 A = Elapsed time spent in this place.
 B = Non-inter-level travel time spent in this place.
 C = Inter-level travel time spent in this place.
 D = Time resting spent in this place.
 E = Time spent auto-exploring this place.
 F = Levels seen in this place.
 G = Mean time per level.
                   A        B        C        D        E       F      G
               +--------+--------+--------+--------+--------+-----+--------+
         Total |   2908 |   2881 |     27 |    431 |   1835 |   3 |  969.3 |
       Dungeon |   2908 |   2881 |     27 |    431 |   1835 |   3 |  969.3 |
               +--------+--------+--------+--------+--------+-----+--------+

Top non-repeatable levels by time:
     D:2: 1287 daAuts
     D:3: 821 daAuts
     D:1: 800 daAuts
